 Dungeon Crawl Stone Soup version 0.29-a0-284-gf9362112df (webtiles) character file.

Game seed: 7332892318241035220

95 cojito the Magician (level 4, -2/34 HPs)
             Began as a Djinni Fire Elementalist on Mar 27, 2022.
             Slain by Natasha (3 damage)
             ... on level 2 of the Dungeon.
             The game lasted 00:12:24 (2650 turns).

cojito the Magician (Djinni Fire Elementalist)      Turns: 2650, Time: 00:12:25

Health: -2/34      AC:  3    Str:  7    XL:     4   Next: 97%
Gold:   113        EV: 12    Int: 18    God:
                   SH:  0    Dex: 14

rFire   + + +      SeeInvis .   a - +1 hunting sling
rCold   x . .      Faith    .   (no shield)
rNeg    . . .      Spirit   .   g - +0 robe
rPois   ∞          Reflect  .   (no helmet)
rElec   .          Harm     .   (no cloak)
rCorr   +          Rampage  .   d - +0 pair of gloves
Will    .....                   (boots unavailable)
Stlth   ++........              (no amulet)
HPRegen 0.11/turn               o - ring of resist corrosion
MPRegen 0.00/turn               (no ring)

@: flying, very slightly contaminated, hasted, very quick
A: sickness immunity, fire resistance 3, cold vulnerability 1, float, innate
caster, HP casting, extra vitality 1, wild magic 1, devolution 1
a: no special abilities


You were on level 2 of the Dungeon.
You visited 1 branch of the dungeon, and saw 4 of its levels.

You collected 113 gold pieces.

Inventory:

Hand Weapons
 a - a +1 hunting sling (weapon)
 b - a +0 whip
 l - a +0 long sword
Missiles
 f - 125 stones
Armour
 d - a +0 pair of gloves (worn)
 g - a +0 robe (worn)
 h - a +0 leather armour
Jewellery
 o - a ring of resist corrosion (left hand)
Potions
 i - a potion of invisibility


   Skills:
 + Level 2.7 Fighting
 - Level 2.1 Dodging
 - Level 1.5 Stealth
 + Level 3.3 Spellcasting


You couldn't memorise any spells.
You knew the following spells:

 Your Spells              Type           Power      Damage    Failure   Level
a - Foxfire               Conj/Fire      76%        2x1d7     7%          1
b - Scorch                Fire           38%        2d7       10%         2
c - Conjure Flame         Conj/Fire      19%        6-21      17%         3
d - Inner Flame           Hex/Fire       19%        N/A       17%         3
e - Flame Wave            Conj/Fire      19%        2d6       45%         4
f - Summon Small Mammal   Summ           76%        N/A       7%          1
Your spell library was empty.

Dungeon Overview and Level Annotations

Branches:
Dungeon (4/15)
 Temple: D:4-7

Altars:

Annotations:
D:2 Natasha


Innate Abilities, Weirdness & Mutations

You are immune to sickness and miasma.
You are immune to poison.
Your flesh is almost immune to the effects of heat. (rF+++)
You are vulnerable to cold. (rC-)
You float through the air rather than walking.
You learn spells naturally, not from books.
Your magical power is your life essence.
You have superior vitality. (+4 MHP)
Your spells are a little harder to cast, but a little more powerful.
You have hidden genetic defects.


Message History

Unknown command.
Okay, then.
The white imp is no longer more vulnerable to fire.
The white imp gestures at you. The puff of frost hits you!
You feel a terrible chill!
Casting: Scorch (safe; 6% risk of failure)
Confirm with . or Enter, or press ? or * to list all spells.
Flames lash Natasha.
Natasha is moderately wounded.
Natasha's fire resistance burns away.
* * * LOW HITPOINT WARNING * * *
Natasha closely misses you.
Casting: Scorch (safe; 6% risk of failure)
Confirm with . or Enter, or press ? or * to list all spells.
You miscast Scorch.
You are very lightly contaminated with residual magic.
Nothing appears to happen.
* * * LOW HITPOINT WARNING * * *
Casting: Scorch (safe; 6% risk of failure)
Confirm with . or Enter, or press ? or * to list all spells.
You miscast Scorch.
Nothing appears to happen.
* * * LOW HITPOINT WARNING * * *
Natasha stares at you and mumbles some strange words.
You resist with some effort.
It was a potion of mutation.
You feel extremely strange.
You feel more resistant to heat.
You feel a hidden malignance growing inside you.
You feel less in control of your magic. Natasha claws you.
* * * LOW HITPOINT WARNING * * *
The white imp gestures at you. The puff of frost hits you.
* * * LOW HITPOINT WARNING * * *
As you read the scroll labelled NOASTRU ZITOINT, it crumbles to dust.
It is a scroll of enchant weapon.
Your +0 hunting sling glows red for a moment.
As you read the scroll labelled NEUM FAROQ, it crumbles to dust.
You feel aware of your surroundings.
It was a scroll of magic mapping.
Natasha claws you.
You die...

.............# ###
..####.#####.# ##.##
..####.##**#.###...##
..#.......##.##.....##
.......##............#
.##.##.#####.##..5..#######
.......h..h..###).....†...#
.#.###.########.#h#....##.#
.#.###.# ##@#..##.##.#
.......# #######.##.#
##.##### ####### ######.#
#.....# #.....# #.####.#
..###.####.....# #.#....#
..# #..........# #.#.####
#.###.####.....# **#..#
#......# #.....# #.##
#####..# ########## #.#


You could see Natasha and a white imp (summoned).

Vanquished Creatures
  5 adders
  2 dart slugs (D:2)
  An orc (D:3)
  5 bats
  4 endoplasms
  A giant cockroach (D:2)
  4 goblins
  6 hobgoblins
  A quokka (D:2)
  6 ball pythons
  A frilled lizard (D:1)
  7 kobolds
  A rat (D:2)
44 creatures vanquished.

Vanquished Creatures (others)
  63 foxfires
63 creatures vanquished.

Grand Total: 107 creatures vanquished

Notes
Turn   | Place    | Note
-------+----------+-------------------------------------------
     0 | D:1      | cojito the Djinni Fire Elementalist began the quest for the
                  | Orb.
     0 | D:1      | Reached XP level 1. HP: 15/15 MP: 0/0
   256 | D:1      | Reached XP level 2. HP: 18/22 MP: 0/0
   327 | D:1      | Reached skill level 1 in Fighting
   986 | D:1      | Reached XP level 3. HP: 18/27 MP: 0/0
   986 | D:1      | Learned a level 1 spell: Summon Small Mammal
  1277 | D:2      | Reached skill level 3 in Spellcasting
  1674 | D:2      | Reached XP level 4. HP: 15/33 MP: 0/0
  2218 | D:2      | Noticed Natasha
  2315 | D:3      | Found a faded altar of an unknown god.
  2646 | D:2      | Gained mutation: Your flesh is almost immune to the effects
                  | of heat. (rF+++) [potion of mutation]
  2646 | D:2      | Gained mutation: You have hidden genetic defects. [potion
                  | of mutation]
  2646 | D:2      | Gained mutation: Your spells are a little harder to cast,
                  | but a little more powerful. [potion of mutation]
  2647 | D:2      | HP: 1/34 [white imp/puff of frost[Natasha] (1)]
  2650 | D:2      | Slain by Natasha

Illustrated notes

Levels and vault maps discovered:
D:1:      dpeg_arrival_radiant, layout_basic, wad_floor_pattern_1,
          chequers_serial_rivers_micro_a
D:2:      layout_loops_cross, serial_aquarium, aquarium_bridge_square
          [aquarium_subvault_bridge, aquarium_subvault_window,
          aquarium_subvault_bridge, aquarium_subvault_bridge],
          aquarium_window_fake, aquarium_window_3, aquarium_window_1,
          aquarium_view_2b, aquarium_balcony_1b, minmay_tromino_i4, uniq_natasha
D:3:      layout_basic, basic_ecumenical_altar, serial_shops, shop,
          uniq_crazy_yiuf_cottage, uniq_grinder
D:4:      layout_cave_pools, nicolae_dithmenos_through_a_glass_darkly,
          serial_shops, nicolae_shop_trees, minmay_joined_circles

Skill      XL: |  1  2  3 |
---------------+----------+-----
Fighting       | 1 2 |  2.7
Spellcasting   | 3 |  3.3
Dodging        | |  2.1
Stealth        | |  1.5

Action                   |  1- 3 |  4- 6 || total
-------------------------+-------+-------++-------
Melee: Unarmed           |     3 |       ||     3
       Club              |     1 |       ||     1
       Whip              |    11 |    12 ||    23
 Fire: Hunting sling     |    37 |    21 ||    58
 Cast: Foxfire           |    31 |     8 ||    39
       Scorch            |     5 |     7 ||    12
       Summon Small Mamm |     1 |     2 ||     3
  Use: Scroll            |     5 |     3 ||     8
       Potion            |       |     3 ||     3
Armor: Robe              |    27 |     5 ||    32
Dodge: Dodged            |    43 |    17 ||    60

Table legend: (Time is in decaauts)
 A = Elapsed time spent in this place.
 B = Non-inter-level travel time spent in this place.
 C = Inter-level travel time spent in this place.
 D = Time resting spent in this place.
 E = Time spent auto-exploring this place.
 F = Levels seen in this place.
 G = Mean time per level.
                   A        B        C        D        E       F      G
               +--------+--------+--------+--------+--------+-----+--------+
         Total |   2671 |   2482 |    189 |    809 |    827 |   4 |  667.8 |
       Dungeon |   2671 |   2482 |    189 |    809 |    827 |   4 |  667.8 |
               +--------+--------+--------+--------+--------+-----+--------+

Top non-repeatable levels by time:
     D:2: 1375 daAuts
     D:1: 1190 daAuts
     D:3: 103 daAuts
     D:4: 1 daAuts
